 Dungeon Crawl Stone Soup version 0.29.1-1-gd02db69 (webtiles) character file.

Game seed: 14480077901196556399

65 Kel the Cudgeller (level 3, -1/27 HPs)
             Began as a Demonspawn Gladiator on Mar 21, 2023.
             Slain by an orc
             ... wielding a +0 club
              (3 damage)
             ... on level 3 of the Dungeon.
             The game lasted 00:03:54 (2155 turns).

Kel the Cudgeller (Demonspawn Gladiator)            Turns: 2155, Time: 00:03:55

Health: -1/27      AC:  4    Str: 16    XL:     3   Next: 94%
Magic:  3/3        EV: 12    Int:  9    God:
Gold:   146        SH:  0    Dex: 14    Spells: 2/2 levels left

rFire   . . .      SeeInvis .   a - +0 flail
rCold   . . .      Faith    .   (no shield)
rNeg    . . .      Spirit   .   b - +0 leather armour
rPois   .          Reflect  .   c - +0 helmet
rElec   .          Harm     .   (no cloak)
rCorr   .          Rampage  .   (no gloves)
Will    .....                   (no boots)
Stlth   +.........              (no amulet)
HPRegen 0.09/turn               (no ring)
MPRegen 0.08/turn               (no ring)

@: no status effects
A: powered by death 1, weakness stinger 1
a: no special abilities


You were on level 3 of the Dungeon.
You visited 1 branch of the dungeon, and saw 3 of its levels.

You collected 146 gold pieces.

Inventory:

Hand Weapons
 a - a +0 flail (weapon)
Missiles
 d - 3 throwing nets (quivered)
 e - a javelin
Armour
 b - a +0 leather armour (worn)
 c - a +0 helmet (worn)
Scrolls
 g - a scroll of fog {unknown}
 h - 3 scrolls of identify {unknown}
 i - a scroll of brand weapon {unknown}
 j - 2 scrolls of blinking {unknown}
 l - a scroll of summoning {unknown}
 m - a scroll of silence {unknown}
 q - a scroll of vulnerability {unknown}
Potions
 f - 2 potions of brilliance {unknown}
 k - a potion of magic {unknown}
 n - a potion of resistance {unknown}
 o - a potion of attraction {unknown}
 p - a potion of degeneration {unknown}
 r - a potion of haste {unknown}
 s - a potion of mutation {unknown}


   Skills:
 - Level 2.0 Fighting
 + Level 4.4 Maces & Flails
 - Level 1.7 Throwing
 - Level 2.6 Dodging


You had 2 spell levels left.
You didn't know any spells.
Your spell library contained the following spells:

 Spells                   Type           Power      Damage    Failure   Level
 Dispersal                Tloc           0%         N/A       100%        6
 Disjunction              Tloc           0%         N/A       100%        8


Dungeon Overview and Level Annotations

Branches:
Dungeon (3/15)

Altars:


Innate Abilities, Weirdness & Mutations

You regenerate a little health from kills.
You have a small tail.


Message History

You're too confused to move!
The orc hits you but does no damage.
You hit the orc wizard but do no damage.
The orc hits you but does no damage.
The orc wizard hits you with a +0 dagger.
The orc wizard closely misses you. The orc hits you with a +0 club.
You barely miss the orc wizard.
The orc wizard gestures at you while chanting.
The puff of flame hits you. The orc hits you with a +0 club.
The orc wizard casts a spell at you. The puff of flame misses you.
The orc misses you.
You closely miss the orc wizard.
Your tail-slap misses the orc wizard.
The bat barely misses you. The orc hits you with a +0 club.
The orc wizard closely misses you.
You miss the orc wizard.
You feel less confused. The bat barely misses you.
The orc wizard points at you and mumbles some strange words.
You are confused.
The orc hits you with a +0 club. The bat hits you.
The orc wizard hits you but does no damage.
The orc suddenly cheers.
The orc hits you with a +0 club.
* * * LOW HITPOINT WARNING * * *
You closely miss the orc wizard. The bat barely misses you.
The orc closely misses you. The orc wizard misses you.
The bat closely misses you.
You miss the orc wizard. The bat barely misses you.
The orc hits you but does no damage.
The orc wizard hits you with a +0 dagger.
* * * LOW HITPOINT WARNING * * *
You're too confused to move!
You feel less confused. The bat closely misses you.
The orc hits you with a +0 club.
* * * LOW HITPOINT WARNING * * *
The orc wizard hits you with a +0 dagger.
* * * LOW HITPOINT WARNING * * *
You closely miss the orc wizard. The bat closely misses you.
The orc hits you with a +0 club.
You die...

#....... #.#
###...... #.#
...####....... #.#
......#......#####.#
......#......##....#
......#.........####
................#
#.............#
#...bo@......#
#.....o......#
#.......>.........
#.#...........####.
#...............
.###.?...........
#$####...##### #.
..... .. ...##


You could see an orc wizard, an orc and a bat.

Vanquished Creatures
  An adder (D:2)
  A worm (D:2)
  An orc (D:3)
  4 ball pythons
  3 bats
  12 endoplasms
  2 giant cockroaches (D:1)
  4 goblins
  4 hobgoblins
  2 jackals (D:1)
  7 kobolds
  3 frilled lizards
  2 rats
46 creatures vanquished.

Vanquished Creatures (others)
  A plant (D:1)
1 creature vanquished.

Grand Total: 47 creatures vanquished

Notes
Turn   | Place    | Note
-------+----------+-------------------------------------------
     0 | D:1      | Kel the Demonspawn Gladiator began the quest for the Orb.
     0 | D:1      | Reached XP level 1. HP: 16/16 MP: 1/1
   263 | D:1      | Reached skill level 3 in Maces & Flails
   491 | D:1      | You fall into a shaft and drop 1 floor!
   510 | D:2      | Gained mutation: You have a small tail. [demonic ancestry]
   510 | D:2      | Reached XP level 2. HP: 14/22 MP: 2/2
  1012 | D:1      | Gained mutation: You regenerate a little health from kills.
                  | [demonic ancestry]
  1012 | D:1      | Reached XP level 3. HP: 21/27 MP: 3/3
  1542 | D:2      | Reached skill level 4 in Maces & Flails
  2155 | D:3      | Slain by an orc

Illustrated notes

Levels and vault maps discovered:
D:1:      matt_arrival_spirals, layout_loops_ring, serial_rivers,
          chequers_serial_rivers_room_a, chequers_serial_rivers_large_a,
          chequers_serial_rivers_micro_a, chequers_serial_rivers_small_b,
          chequers_serial_rivers_large_b, serial_bayou_ford_a
D:2:      layout_rooms, hangedman_decor_clover_reticule
D:3:      layout_basic, lemuel_doored_altar, minmay_starry_boxes

Skill      XL: |  1  2  3 |
---------------+----------+-----
Maces & Flails | 3 4 |  4.4
Fighting       | |  2.0
Throwing       | |  1.7
Dodging        | |  2.6

Action                   || total
-------------------------++-------
Melee: Flail             ||   115
       Punch             ||     2
       Tailslap          ||    12
 Stab: Sleeping          ||     2
Armor: Leather armour    ||    30
Dodge: Dodged            ||    74
